 Dungeon Crawl Stone Soup version 0.26-a0-649-gf8c6c3aab7 (webtiles) character file.

Game seed: 10342072807051416190

483 smeego the Slasher (level 7, -9/47 HPs)
             Began as an Octopode Fighter on Sept 27, 2020.
             Mangled by an ogre
             ... wielding a +0 giant club
              (20 damage)
             ... on level 4 of the Dungeon.
             The game lasted 00:02:37 (3521 turns).

smeego the Slasher (Octopode Fighter)               Turns: 3521, Time: 00:02:37

Health: -9/47      AC:  1    Str: 17    XL:     7   Next: 12%
Magic:  7/7        EV: 12    Int: 11    God:
Gold:   147        SH:  9    Dex: 11    Spells: 6/6 levels left

rFire    . . .     SeeInvis .   a - +0 long sword
rCold    . . .     Faith    .   b - +0 kite shield
rNeg     . . .     Spirit   .   (helmet restricted)
rPois    .         Reflect  .   (no amulet)
rElec    .         Harm     .   (no ring)
rCorr    .         Rampage  .   (no ring)
MR       .....                  (no ring)
Stlth    +++.......             (no ring)
HPRegen  0.15/turn              (no ring)
MPRegen  0.10/turn              (no ring)
                                (no ring)
                                (no ring)

@: no status effects
A: almost no armour, stealthy swim, amphibious, 8 rings, constrict 8, camouflage
1, gelatinous body 1
a: no special abilities


You were on level 4 of the Dungeon.
You visited 1 branch of the dungeon, and saw 4 of its levels.

You collected 147 gold pieces.

Inventory:

Hand Weapons
 a - a +0 long sword (weapon)
 t - a +2 dagger of venom
Missiles
 j - a throwing net (quivered)
 q - 8 javelins
Armour
 b - a +0 kite shield (worn)
Jewellery
 g - a +6 ring of strength {unknown}
 k - an uncursed amulet of faith {unknown}
 p - a cursed -4 ring of slaying {unknown}
 r - a +4 ring of protection {unknown}
Scrolls
 d - 5 scrolls of identify {unknown}
 f - 5 scrolls of amnesia {unknown}
 m - a scroll of teleportation {unknown}
 n - 3 scrolls of remove curse {unknown}
 o - a scroll of blinking {unknown}
Potions
 c - a potion of might
 e - a potion of berserk rage {unknown}
 h - a potion of mutation {unknown}
 i - 2 potions of heal wounds
 l - a potion of lignification {unknown}
 s - a potion of curing {unknown}


   Skills:
 + Level 3.8 Fighting
 * Level 4.2 Long Blades
 + Level 2.0 Throwing
 + Level 3.9 Dodging
 + Level 3.3 Stealth
 + Level 3.8 Shields
 + Level 2.2 Unarmed Combat


You had 6 spell levels left.
You didn't know any spells.
Your spell library was empty.

Dungeon Overview and Level Annotations

Branches:
Dungeon (4/15)
 Temple: D:4-7

Altars:
Cheibriados
Uskayaw


Innate Abilities, Weirdness & Mutations

You cannot wear most types of armour.
You are very stealthy in the water. (Stealth+)
You are amphibious.
You can wear up to eight rings at the same time.
You can use your tentacles to constrict eight enemies at once.
Your skin changes colour to match your surroundings (Stealth+).
Your rubbery body absorbs attacks. (AC +1, EV +1)


Message History

Unknown command.
Unknown command.
You hit the ogre but do no damage.
The ogre is heavily wounded.
You block the ogre's attack.
You hit the ogre but do no damage.
The ogre is heavily wounded.
You block the ogre's attack.
You barely miss the ogre. You squeeze the ogre.
The ogre is severely wounded.
The ogre barely misses you.
You hit the ogre. Your squeeze misses the ogre.
The ogre is severely wounded.
The ogre hits you with a +0 giant club!!
* * * LOW HITPOINT WARNING * * *
Unknown command.
You hit the ogre. You squeeze the ogre, but do no damage.
The ogre is almost dead.
The ogre hits you with a +0 giant club!!
You die...

### +.#######
#...@OO.#
#.####......
#+###.#####.####
#.........# #
#.#.##.###.#
#.##.###.#
#.##.#.#.# #+##
#)##.....#
##...##
#)####.#.#
##.....##


You could see 2 ogres.

Vanquished Creatures
  Sigmund (D:3)
  An orc priest (D:3)
  5 orc wizards
  Terence (D:3)
  Jessica (D:2)
  2 adders
  2 oozes
  3 worms
  2 dart slugs (D:2)
  3 leopard geckos
  5 orcs
  6 bats
  A giant cockroach (D:1)
  8 goblins
  8 hobgoblins
  4 jackals (D:1)
  2 quokkas (D:3)
  6 frilled lizards
  7 kobolds
  12 rats
80 creatures vanquished.

Notes
Turn   | Place    | Note
-------+----------+-------------------------------------------
     0 | D:1      | smeego the Octopode Fighter began the quest for the Orb.
     0 | D:1      | Reached XP level 1. HP: 16/16 MP: 1/1
   377 | D:1      | Reached XP level 2. HP: 21/21 MP: 2/2
   752 | D:1      | Reached skill level 1 in Stealth
   752 | D:1      | Reached XP level 3. HP: 26/26 MP: 3/3
  1310 | D:2      | Noticed Jessica
  1318 | D:2      | Killed Jessica
  1318 | D:2      | Reached skill level 1 in Throwing
  1318 | D:2      | Reached skill level 1 in Unarmed Combat
  1318 | D:2      | Reached XP level 4. HP: 31/31 MP: 4/4
  1664 | D:2      | Reached skill level 3 in Long Blades
  2074 | D:3      | Reached XP level 5. HP: 36/36 MP: 5/5
  2088 | D:3      | Noticed Sigmund
  2109 | D:3      | Killed Sigmund
  2109 | D:3      | Reached XP level 6. HP: 10/42 MP: 6/6
  2591 | D:3      | Found a hide-covered altar of Uskayaw.
  2591 | D:3      | Found a snail-covered altar of Cheibriados.
  2642 | D:3      | Noticed Terence
  2648 | D:3      | Killed Terence
  2967 | D:4      | Reached skill level 4 in Long Blades
  3431 | D:4      | Reached XP level 7. HP: 47/47 MP: 7/7
  3521 | D:4      | Mangled by an ogre

Illustrated notes

Levels and vault maps discovered:
D:1:      eino_arrival_tree_alley, layout_loops_ring
D:2:      layout_basic, uniq_jessica
D:3:      layout_loops_ring, gammafunk_temple_overflow_elements, uniq_terence,
          uniq_sigmund
D:4:      layout_loops_corners, minmay_temple_entry_hall

Skill      XL: |  1  2  3  4  5  6 |
---------------+-------------------+-----
Stealth        | 1 2 3 |  3.3
Throwing       | 1 2 |  2.0
Unarmed Combat | 1 2 |  2.2
Long Blades    | 3 4 |  4.2
Fighting       | |  3.8
Dodging        | |  3.9
Shields        | |  3.8

Action                   |  1- 3 |  4- 6 |  7- 9 || total
-------------------------+-------+-------+-------++-------
Melee: Long sword        |    53 |    85 |    12 ||   150
       Constrict         |    17 |    23 |     2 ||    42
       Tentacles         |     7 |    19 |     3 ||    29
       Punch             |       |       |     2 ||     2
  Use: Potion            |       |     1 |       ||     1
 Stab: Sleeping          |     7 |    10 |       ||    17
Armor: Skin              |     3 |     4 |       ||     7
Dodge: Dodged            |    19 |    28 |     6 ||    53
Block: Kite shield       |    16 |    18 |     3 ||    37
       Rpst.: Long sword |     6 |     6 |     2 ||    14

Table legend: (Time is in decaauts)
 A = Elapsed time spent in this place.
 B = Non-inter-level travel time spent in this place.
 C = Inter-level travel time spent in this place.
 D = Time resting spent in this place.
 E = Time spent auto-exploring this place.
 F = Levels seen in this place.
 G = Mean time per level.
                   A        B        C        D        E       F      G
               +--------+--------+--------+--------+--------+-----+--------+
         Total |   3569 |   3488 |     81 |   1047 |   1914 |   4 |  892.2 |
       Dungeon |   3569 |   3488 |     81 |   1047 |   1914 |   4 |  892.2 |
               +--------+--------+--------+--------+--------+-----+--------+

Top non-repeatable levels by time:
     D:1: 1195 daAuts
     D:3: 1050 daAuts
     D:2: 742 daAuts
     D:4: 580 daAuts
